cohdb
Replays
Latest Replays
All Replays
Popular Replays
Top Player Replays
Match Explorer
How It Works
Community
CoH3 Stats
Reddit
Sign in to upload your games and track your stats! →
Sign in with Steam
Match 38307791
Unlisted
Match 38307791
Overview
Messages
Build Orders
End
Panzergrenadier Squad
250 Light Carrier
Panzergrenadier Squad
Construct Light Support Kompanie
2.5-tonne Medical Truck
Panzergrenadier Squad
Fire Support Elements
Panzerjäger Mechanized Group
Flakvierling Half-track
Vehicle Survival Package
Combat Half-tracks
Selects Italian Combined Arms Battlegroup
Selects Semovente da 75/18 Assault Gun
Selects Carro Armato M13/40 Light Tank
Carro Armato M13/40 Light Tank
Veteran Squad Leaders
2.5-tonne Medical Truck
Pak 38 Anti-tank Gun Team
Sir Toady
skopcak
Mael Radec
Calm
Henry Shi
Div
mattw02823
GRUGRUBUBU
0
0
Comments
sign in to comment!
No comments posted yet!